 Dungeon Crawl Stone Soup version 0.31-a0-667-g39726597b9 (webtiles) character file.

Game seed: 13428121192985118061

177 Bravepunisher the Ducker (level 5, -1/28 HPs)
             Began as a Spriggan Monk on Sept 3, 2023.
             Was a Believer of Makhleb.
             Slain by a killer bee (4 damage)
             ... on level 7 of the Dungeon.
             The game lasted 00:04:52 (910 turns).

Bravepunisher the Ducker (Spriggan Monk)             Turns: 910, Time: 00:04:53

Health: -1/28      AC:  2    Str:  7    XL:     5   Next: 31%
Magic:  6/7        EV: 21    Int: 11    God:    Makhleb [**....]
Gold:   63         SH:  0    Dex: 20    Spells: 4/4 levels left

rFire   . . .        a - +2 short sword
rCold   . . .        d - orb {light}
rNeg    . . .        b - +0 robe
rPois   .            (helmet restricted)
rElec   .            (no cloak)
rCorr   .            (gloves unavailable)
SInv    +            (boots unavailable)
Will    .....        (no amulet)
Stlth   +            (no ring)
HPRegen 0.24/turn    (no ring)
MPRegen 0.10/turn

%: no passive effects
@: glowing, very quick
A: very small, no large weapons, unfitting armour, see invisible, speed 3
a: Renounce Religion, Minor Destruction


You were on level 7 of the Dungeon.
You worshipped Makhleb.
Makhleb was pleased with you.
You visited 2 branches of the dungeon, and saw 8 of its levels.

You collected 63 gold pieces.

Inventory:

Hand Weapons
 a - a +2 short sword (weapon)
Armour
 b - a +0 robe (worn)
 d - an orb of light (worn)
Scrolls
 f - a scroll of identify
Potions
 c - 2 potions of ambrosia
 g - a potion of cancellation


   Skills:
 + Level 3.3 Fighting
 - Level 3.2 Short Blades
 * Level 6.5 Dodging
 + Level 1.8 Invocations


You had 4 spell levels left.
You didn't know any spells.
Your spell library contained the following spells:

 Spells                   Type           Power      Damage    Failure   Level
 Ensorcelled Hibernation  Hex/Ice        0%         N/A       47%         2
 Passwall                 Tmut/Erth      0%         N/A       47%         2
 Swiftness                Air            0%         N/A       71%         3


Dungeon Overview and Level Annotations

Branches:
Dungeon (7/15)             Temple (1/1) D:7

Altars:
Ashenzari
Cheibriados
Gozag
Hepliaklqana
Kikubaaqudgha
Makhleb
Nemelex Xobeh
Okawaru
Qazlal
Ru
Sif Muna
Trog
Uskayaw
Wu Jian
Xom
Yredelemnul
Zin
The Shining One

Shops:
D:4 *


Innate Abilities, Weirdness & Mutations

You are very small and have problems with some larger weapons.
You are too small for most types of armour.
You have supernaturally acute eyesight. (SInv)
You cover ground extremely quickly. (Speed+++)


Message History

The scorpion is severely wounded.
The orc closely misses you. The scorpion barely misses you.
Aiming: Minor Destruction (14% risk of failure)
Press: ? - help, Shift-Dir - straight line, f/p - scorpion
Aim: a scorpion (severely wounded, haloed)
The glob of acid hits the scorpion!
The acid corrodes the scorpion!
You kill the scorpion!
Makhleb accepts your kill. The orc completely misses you.
You have reached level 5!
You feel agile.
A killer bee comes into view.
The howler monkey howls!
The killer bee buzzes angrily.
You hear an angry buzzing noise. x2; You hear an angry growl.
The howler monkey hoots and howls with incredible vigour!
You hear an angry hiss.
The howler monkey hoots and howls with incredible vigour!
You hear an angry buzzing noise.
A killer bee comes into view.
The killer bee attacks as it pursues you!
The killer bee completely misses you.
The howler monkey hoots and howls with incredible vigour!
You hear an angry growl.
You hear an angry buzzing noise.
You hear a shout!
The killer bee closely misses you.
The killer bee attacks as it pursues you!
The killer bee closely misses you. The killer bee completely misses you.
The killer bee completely misses you.
The killer bee attacks as it pursues you!
The killer bee stings you.
* * * LOW HITPOINT WARNING * * *
The killer bee attacks as it pursues you!
The killer bee closely misses you.
The killer bee attacks as it pursues you!
The killer bee stings you.
* * * LOW HITPOINT WARNING * * *
The killer bee completely misses you.
The killer bee attacks as it pursues you!
The killer bee stings you.
You die...

....########h#.#.#
............>#.#.#
#..###.####.#.#.#
##..# #.#....#.#.#
.#$.# #)#.##o#.#.#
'#..# #.# #.#.#y#
..# #.#.##.#.#.#
..# #.#......#y#
..#####h####h###@#
.........###.###.#
.........'.......#
.........###h#####
.........##....###
.........##$.....#
.........###o#.#.#
.........##..#.#
..
.......####.##.#
##


You could see 2 killer bees.

Vanquished Creatures
  An ice beast (D:7)
  A scorpion (D:7)
  3 adders
  An endoplasm (D:2)
  A giant cockroach (D:2)
  A goblin (D:2)
  A ball python (D:2)
  A kobold (D:2)
10 creatures vanquished.

Notes
Turn   | Place    | Note
-------+----------+-------------------------------------------
     0 | D:1      | Bravepunisher the Spriggan Monk began the quest for the
                  | Orb.
     0 | D:1      | Reached XP level 1. HP: 11/11 MP: 2/2
   206 | D:2      | Reached XP level 2. HP: 16/16 MP: 3/3
   272 | D:2      | Reached skill level 5 in Dodging
   338 | D:3      | Reached XP level 3. HP: 5/19 MP: 4/4
   448 | D:4      | Noticed a phantom
   449 | D:4      | Noticed an ogre
   484 | D:4      | Found Guthoweu's General Store.
   517 | D:5      | Entered Level 5 of the Dungeon
   548 | D:5      | Noticed a phantom
   771 | D:7      | Noticed a scorpion
   788 | D:7      | Noticed a black bear
   794 | D:7      | Found a staircase to the Ecumenical Temple.
   805 | Temple   | Entered the Ecumenical Temple
   812 | Temple   | Became a worshipper of Makhleb the Destroyer
   812 | Temple   | Reached * piety under Makhleb
   812 | Temple   | Reached ** piety under Makhleb
   848 | D:7      | Noticed an ice beast
   863 | D:7      | Noticed a scorpion
   866 | D:7      | Killed an ice beast
   867 | D:7      | Reached skill level 6 in Dodging
   867 | D:7      | Reached skill level 1 in Invocations
   867 | D:7      | Reached XP level 4. HP: 11/24 MP: 4/6
   870 | D:7      | Killed a scorpion
   871 | D:7      | Reached XP level 5. HP: 6/28 MP: 4/7
   910 | D:7      | Slain by a killer bee

Illustrated notes

Levels and vault maps discovered:
D:1:      onia_arrival_pyramid, layout_basic, minivault_25, st_stairs_7
D:2:      layout_basic, minmay_misc_feat_roman, serial_park_tiny_1,
          fountainhead, uniq_sigmund
D:3:      layout_loops_ring, hellmonk_ecumenical_altar_defaced_shrine,
          minmay_shallow_snake_nest
D:4:      cheibrodos_pilgrimage, layout_basic, serial_shops,
          nicolae_shop_pleasant_corner_grove, minmay_misc_feat_rugged,
          uniq_duvessa
D:5:      layout_rooms
D:6:      layout_basic, vehumet_crystals
D:7:      layout_basic, minmay_temple_entry_large_hall
Temple:   nicolae_temple_no_exploring_needed

Skill      XL: |  1  2  3 |
---------------+----------+-----
Dodging        | 5 6 |  6.5
Fighting       | 3 |  3.3
Invocations    | 1 |  1.8
Short Blades   | |  3.2

Action                     |  1- 3 |  4- 6 || total
---------------------------+-------+-------++-------
  Melee: Short sword       |    68 |       ||    68
 Invoke: Minor Destruction |       |     4 ||     4
    Use: Scroll            |     4 |       ||     4
 Armour: Robe              |    25 |     4 ||    29
  Dodge: Dodged            |    76 |    13 ||    89

Table legend: (Time is in decaauts)
 A = Elapsed time spent in this place.
 B = Non-inter-level travel time spent in this place.
 C = Inter-level travel time spent in this place.
 D = Time resting spent in this place.
 E = Time spent auto-exploring this place.
 F = Levels seen in this place.
 G = Mean time per level.
                   A        B        C        D        E       F      G
               +--------+--------+--------+--------+--------+-----+--------+
         Total |    633 |    630 |      3 |     88 |    204 |   8 |   79.1 |
       Dungeon |    623 |    623 |      0 |     88 |    204 |   7 |   89.0 |
        Temple |     10 |      7 |      3 |      0 |      0 |   1 |   10.0 |
               +--------+--------+--------+--------+--------+-----+--------+

Top non-repeatable levels by time:
     D:2: 151 daAuts
     D:7: 148 daAuts
     D:3: 113 daAuts
     D:6: 63 daAuts
     D:1: 63 daAuts
     D:4: 44 daAuts
     D:5: 40 daAuts
  Temple: 10 daAuts
